AoeStats
← Urg5665

Arabia

509935552Analyzed
1v1 RM · 4d ago on Sep 28, 2026· 38m 34s· 2 players
Game mode
Random Map
Map size
Tiny (2 player)
Population
200
Speed
Normal
Resources
Standard
Victory
Conquest
Starting age
Dark Age
Ending age
Imperial Age
RankedLock teamsTeams togetherTeam positionsShared explorationLock speedFull tech treeHidden civsTurbo modeCheats
Victory
Defeat
🇺🇸 Ethiopians · United States
1299
+22
🇩🇪 Bohemians · Germany
1323
-17
Urg5665
5:42 Loom
8:51 Feudal Age
8:56 Man-at-Arms
9:37 Double-Bit Axe
15:28 Forging
15:08 Fletching
16:52 Padded Archer Armor
22:07 Castle Age
22:45 Bodkin Arrow
23:20 Bow Saw
22:43 Crossbowman
27:02 Gold Mining
32:57 Gold Shaft Mining
33:35 Ballistics
38:23 Imperial Age
36:30 Wheelbarrow
36:32 Squires
36:59 Elite Skirmisher
uAleks
6:11 Loom
9:41 Feudal Age
15:37 Fletching
19:52 Horse Collar
19:58 Double-Bit Axe
25:47 Castle Age
27:36 Bow Saw
28:48 Chemistry
28:22 Padded Archer Armor
31:07 Leather Archer Armor
34:39 Leather Archer Armor
34:52 Ballistics
37:37 Wagenburg Tactics
37:56 Bodkin Arrow
Connection lost

Rejoining the realm…

Still unreachable

The connection could not be restored.

Session expired

The server has moved on; the page needs a fresh start.